 Dungeon Crawl Stone Soup version 0.28.0-43-g3370ac3207 (webtiles) character file.

Game seed: 9065589091731817566

422 terff the Covered (level 7, 0/54 HPs)
             Began as a Human Fighter on Mar 30, 2022.
             Succumbed to a scorpion's poison
             ... on level 5 of the Dungeon.
             The game lasted 00:07:11 (3939 turns).

terff the Covered (Human Fighter)                   Turns: 3939, Time: 00:07:11

Health: 0/54       AC:  9    Str: 16    XL:     7   Next: 17%
Magic:  16/16      EV:  9    Int:  9    God:
Gold:   210        SH:  5    Dex: 14    Spells: 6/6 levels left

rFire   . . .      SeeInvis .   a - +1 flail (vorpal)
rCold   . . .      Faith    .   c - +0 buckler
rNeg    . . .      Spirit   .   b - +0 scale mail
rPois   .          Reflect  .   (no helmet)
rElec   .          Harm     .   (no cloak)
rCorr   .          Rampage  .   g - +1 pair of gloves
Will    .....                   (no boots)
Stlth   ..........              (no amulet)
HPRegen 0.18/turn               m - +4 ring of slaying
MPRegen 0.15/turn               o - ring of magical power

@: mighty, lethally poisoned (0 -> -17)
A: no striking features
a: no special abilities


You were on level 5 of the Dungeon.
You visited 1 branch of the dungeon, and saw 5 of its levels.

You collected 210 gold pieces.

Inventory:

Hand Weapons
 a - a +1 vorpal flail (weapon)
Missiles
 q - a throwing net (quivered)
Armour
 b - a +0 scale mail (worn)
 c - a +0 buckler (worn)
 g - a +1 pair of gloves (worn)
Jewellery
 m - a +4 ring of slaying (left hand)
 o - a ring of magical power (right hand)
Wands
 i - a wand of digging (7)
 l - a wand of polymorph (20)
Potions
 e - a potion of mutation {unknown}
 f - 2 potions of curing {unknown}
 h - a potion of flight
 j - a potion of cancellation {unknown}
 k - a potion of resistance {unknown}


   Skills:
 + Level 4.0 Fighting
 + Level 4.4 Maces & Flails
 + Level 4.8 Armour
 + Level 1.1 Dodging
 + Level 1.1 Stealth
 + Level 3.5 Shields
 + Level 0.9 Unarmed Combat


You had 6 spell levels left.
You didn't know any spells.
Your spell library was empty.

Dungeon Overview and Level Annotations

Branches:
Dungeon (5/15)             Temple (0/1) D:4

Altars:
Dithmenos

Annotations:
D:5 Ijyb


Message History

You are poisoned.
The scorpion poisons you!
The scorpion stings you but does no damage.
You barely miss the scorpion.
The scorpion is lightly wounded.
You feel very sick. The scorpion closely misses you.
You completely miss the scorpion.
The scorpion is lightly wounded.
You feel sick. The scorpion stings you.
You are more poisoned.
The scorpion poisons you!
The scorpion stings you but does no damage.
You barely miss the scorpion.
The scorpion is lightly wounded.
You feel very sick. The scorpion stings you!
* * * LOW HITPOINT WARNING * * *
You barely miss the scorpion.
The scorpion is lightly wounded.
You feel very sick. You block the scorpion's attack.
The scorpion stings you but does no damage.
You feel sick.
You feel sick.
You feel very mighty all of a sudden.
You feel sick. You block the scorpion's attack.
You closely miss the scorpion.
The scorpion is lightly wounded.
You feel sick.
The scorpion stings you but does no damage.
You hit the scorpion.
The scorpion is moderately wounded.
You feel sick. The scorpion barely misses you. The scorpion stings you.
* * * LOW HITPOINT WARNING * * *
You are lethally poisoned!
The scorpion poisons you!
You sock the scorpion!
The scorpion is almost dead.
You die...

.## #..# #..........#
..###..# #..........#
..##..# #..........#
..##..# #.........)#
......# #.........#
.....)## #........#
.###...#### #......##
.##..#....#### #s......#
.#..#####....###@.......
#..# ####......######
..## #....### .## #....#
# #....# #....# ##...#
#.... #....#


You could see a scorpion.

Vanquished Creatures
  Eustachio (D:5)
  A necrophage (D:5)
  A hound (D:5)
  A jelly (D:4)
  An iguana (D:4)
  3 adders
  3 dart slugs
  6 orcs (D:4)
  2 ball pythons
  3 endoplasms
  2 giant cockroaches
  5 goblins
  7 hobgoblins
  6 quokkas
  2 bats
  3 frilled lizards
  5 kobolds
  4 rats
56 creatures vanquished.

Vanquished Creatures (others)
  A plant (D:2)
1 creature vanquished.

Grand Total: 57 creatures vanquished

Notes
Turn   | Place    | Note
-------+----------+-------------------------------------------
     0 | D:1      | terff the Human Fighter began the quest for the Orb.
     0 | D:1      | Reached XP level 1. HP: 18/18 MP: 1/1
   388 | D:1      | Reached XP level 2. HP: 22/24 MP: 2/2
   824 | D:2      | Reached XP level 3. HP: 29/29 MP: 3/3
  1150 | D:2      | Found a shadowy altar of Dithmenos.
  1250 | D:2      | Found a faded altar of an unknown god.
  2112 | D:3      | Reached XP level 4. HP: 35/35 MP: 4/4
  2755 | D:4      | Found a staircase to the Ecumenical Temple.
  2769 | D:5      | Entered Level 5 of the Dungeon
  2769 | D:5      | Noticed a necrophage
  2798 | D:4      | Reached XP level 5. HP: 39/42 MP: 5/5
  3401 | D:5      | Noticed Ijyb
  3855 | D:5      | Noticed Eustachio
  3869 | D:5      | Killed Eustachio
  3870 | D:5      | Reached skill level 1 in Dodging
  3870 | D:5      | Reached XP level 6. HP: 45/48 MP: 6/6
  3885 | D:5      | Killed a necrophage
  3886 | D:5      | Reached skill level 1 in Stealth
  3886 | D:5      | Reached XP level 7. HP: 50/54 MP: 7/7
  3939 | D:5      | Succumbed to a scorpion's poison

Illustrated notes

Levels and vault maps discovered:
D:1:      dpeg_arrival_line_fractal, layout_loops_ring
D:2:      layout_loops_cross, shapermc_ecumenical_altar_flowoftime,
          grunt_decor_mini_mirrors, minivault_25, kennysheep_flooded_box
D:3:      layout_loops_ring
D:4:      layout_gridville, minmay_temple_entry_from_below_a
D:5:      lemuel_ratsnest, layout_cave_pods, uniq_eustachio, uniq_ijyb,
          uniq_duvessa

Skill      XL: |  1  2  3  4  5  6 |
---------------+-------------------+-----
Maces & Flails | 3 4 |  4.4
Armour         | 4 |  4.8
Dodging        | 1 |  1.1
Fighting       | 4 |  4.0
Stealth        | 1 |  1.1
Shields        | |  3.5
Unarmed Combat | |  0.9

Action                   |  1- 3 |  4- 6 |  7- 9 || total
-------------------------+-------+-------+-------++-------
Melee: Flail             |    79 |    43 |    12 ||   134
       Unarmed           |       |     9 |       ||     9
  Use: Scroll            |     5 |     2 |       ||     7
       Potion            |       |       |     1 ||     1
Armor: Scale mail        |    33 |    16 |     5 ||    54
       Skin              |       |     1 |       ||     1
Dodge: Dodged            |    28 |    25 |     2 ||    55
Block: Buckler           |    17 |    14 |     3 ||    34
